 Dungeon Crawl Stone Soup version 0.17-a0-288-gaf424a4 (webtiles) character file.

1582 xeno23 the Frost Mage (level 8, 0/58 HPs)
             Began as a Merfolk Ice Elementalist on Mar 30, 2015.
             Was a Follower of Vehumet.
             Slain by an orc warrior
             ... wielding a +0 trident
              (4 damage)
             ... on level 7 of the Dungeon.
             The game lasted 00:50:19 (7444 turns).

xeno23 the Frost Mage (Merfolk Ice Elementalist)    Turns: 7444, Time: 00:50:20

Health: 0/58       AC: 12    Str:  8    XL:     8   Next: 92%
Magic:  1/9        EV: 14    Int: 16    God:    Vehumet [*.....]
Gold:   330        SH:  0    Dex: 15    Spells: 3 memorised, 3 levels left

rFire  + . .     SeeInvis .     F - +0 trident
rCold  . . .     Clarity  .     C - +2 robe {MR+}
rNeg   . . .     SustAb   .     (no shield)
rPois  +         Gourm    .     (no helmet)
rElec  .         Spirit   .     (no cloak)
rCorr  .         Warding  .     H - +0 pair of gloves
rMut   .         Stasis   .     k - +0 pair of boots
MR     +....                    (no amulet)
Stlth  ++........               u - ring of poison resistance
                                d - ring of protection from fire

@: icy armour, somewhat resistant to hostile enchantments, unstealthy
A: change form in water, swift swim
a: Renounce Religion


You were on level 7 of the Dungeon.
You worshipped Vehumet.
Vehumet was aware of your devotion.
You were near starving.

You visited 2 branches of the dungeon, and saw 8 of its levels.

You collected 330 gold pieces.

Inventory:

Hand weapons
 a - a +0 dagger of distortion
 F - a +0 trident (weapon)
 I - a +2 falchion of freezing
Missiles
 j - 14 stones
 o - 3 throwing nets
 y - 4 poisoned tomahawks (quivered)
Armour
 k - a +0 pair of boots (worn)
 C - a +2 robe of magic resistance (worn)
 H - a +0 pair of gloves (worn)
Jewellery
 d - a ring of protection from fire (left hand)
 l - an uncursed ring of positive energy
 u - a ring of poison resistance (right hand)
Scrolls
 e - a scroll of enchant weapon
 s - 3 scrolls of remove curse
 z - a scroll of magic mapping
Potions
 f - 3 potions of lignification
 g - 2 potions of resistance {unknown}
 i - 2 potions of curing
 m - 4 potions of heal wounds {unknown}
 n - a potion of ambrosia {unknown}
 p - a potion of agility {unknown}
 q - a potion of mutation {unknown}
 r - a potion of experience {unknown}
 w - a potion of restore abilities {unknown}
 x - a potion of invisibility {unknown}
 D - a potion of might {unknown}
 E - a potion of poison {unknown}
Books
 b - a book of Frost

   Spells                             Type                      Level
   a - Freeze                         Ice                          1
   b - Throw Frost                    Conjuration/Ice              2
   c - Ozocubu's Armour               Charms/Ice                   3
   d - Throw Icicle                   Conjuration/Ice              4
   e - Summon Ice Beast               Ice/Summoning                4
   f - Condensation Shield            Ice                          4
 A - An Initiation to Sorcery
   (You found it on level 4 of the Dungeon)

   Spells                             Type                      Level
   a - Magic Dart                     Conjuration                  1
   b - Flame Tongue                   Conjuration/Fire             1
   c - Sting                          Conjuration/Poison           1
   d - Summon Butterflies             Summoning                    1
   e - Beastly Appendage              Transmutation                1
Comestibles
 c - 4 bread rations
 h - 4 meat rations
 t - 3 slices of pizza
 v - 2 fruits
 B - a beef jerky


   Skills:
 + Level 3.3 Fighting
 + Level 4.8 Dodging
 - Level 2.1 Stealth
 - Level 2.0 Spellcasting
   Level 0.7 Conjurations
 + Level 5.0 Charms
 + Level 4.8 Summonings
 + Level 8.4 Ice Magic


You had 3 spell levels left.
You knew the following spells:

 Your Spells              Type           Power        Failure   Level  Hunger
a - Freeze                Ice            ####         1%          1    #......
c - Summon Ice Beast      Ice/Summ       ###.....     14%         4    #####..
t - Ozocubu's Armour      Chrm/Ice       ###.....     4%          3    ###....


Dungeon Overview and Level Annotations

Branches:
Dungeon (7/15)             Temple (1/1) D:6

Altars:
Ashenzari
Dithmenos
Fedhas
Gozag
Makhleb
Nemelex Xobeh
Okawaru
Qazlal
Sif Muna
Vehumet
Xom
Yredelemnul
Zin
The Shining One

Shops:
D:6 *

Annotations:
D:7 Prince Ribbit


Message History

You are near starving!
Evoke which item? (* to show all) (? for menu, Esc to quit)
Okay, then.
You are too injured to fight recklessly!
Attack whom?
Press: ? - help, Dir - move target cursor, f/p - orc warrior
Aim: an orc warrior, wielding a trident and wearing a chain mail (heavily wounded)
You reach to attack!
You closely miss the orc warrior.
The orc warrior is heavily wounded.
The orc warrior hits you from afar with a trident!
* * * LOW HITPOINT WARNING * * *
Your ice beast hits the orc warrior.
Your ice beast freezes the orc warrior.
You take 7 damage.
Attack whom?
Press: ? - help, Dir - move target cursor, f/p - orc warrior
Aim: an orc warrior, wielding a trident and wearing a chain mail (severely wounded)
You reach to attack!
You closely miss the orc warrior.
The orc warrior is severely wounded.
The orc warrior hits you from afar with a trident.
You die...

....#########............#
.... ...####..##
########.....# #...
..####....## #.....## #..
^..#.......# #......# #..
..........(#
#######.....###.#
........(..#
#............##.#
.......((..#
#............##.###
.......)...#
##..............(').
..........##
#..@.oY.......)..###
..........#
#..............#.#
..........#
#...#####........###
..........#
##.#######..........
........###
###.#∩#.#......##..
........### #.._..#..>..##
.. .....##...####
##...##....## .
....#####....#
#.........## . .####
###..# ##.....####


You could see an orc warrior and a friendly ice beast.

Vanquished Creatures
  Edmund (D:4)
  A sky beast (D:7)
  A big kobold (D:4)
  A water moccasin skeleton (D:6)
  A wight (D:7)
  A goliath beetle (D:6)
  A crimson imp (D:6)
  A giant frog zombie (D:6)
  2 hounds
  A centaur skeleton (D:6)
  2 iguanas
  3 orc wizards
  A worker ant (D:5)
  A worker ant zombie (D:5)
  6 adders
  2 worms (D:2)
  2 giant geckos
  9 orcs
  9 bats
  A bat skeleton (D:4)
  A bat zombie (D:6)
  2 giant cockroaches
  22 hobgoblins
  6 jackals
  18 kobolds
  4 quokkas
  3 ball pythons
  5 giant newts
  20 goblins
  A jackal zombie (D:5)
  A quokka skeleton (D:7)
  9 rats
  A spectral orc (D:4)
  A bush (D:4)
141 creatures vanquished.

Vanquished Creatures (collateral kills)
  Sigmund (D:5)
  Menkaure (D:5)
  A phantom (D:6)
  3 ogres (D:7)
  A big kobold (D:7)
  A centaur (D:7)
  5 wights
  A crimson imp (D:5)
  2 hounds
  An orc wizard (D:5)
  2 worker ants (D:6)
  3 gnolls (D:7)
  5 orcs
  2 goblins (D:7)
  A hobgoblin (D:7)
  4 kobolds (D:7)
34 creatures vanquished.

Vanquished Creatures (others)
  7 ice beasts
  An orc wizard (D:5)
  A giant spore (D:7)
9 creatures vanquished.

Grand Total: 184 creatures vanquished

Notes
Turn   | Place    | Note
--------------------------------------------------------------
     0 | D:1      | xeno23, the Merfolk Ice Elementalist, began the quest for the Orb.
     0 | D:1      | Reached XP level 1. HP: 13/13 MP: 2/2
   363 | D:1      | Reached XP level 2. HP: 17/19 MP: 0/3
   386 | D:1      | Reached skill level 4 in Ice Magic
   721 | D:1      | Reached XP level 3. HP: 21/24 MP: 4/4
   753 | D:1      | Learned a level 3 spell: Ozocubu's Armour
  1156 | D:2      | Reached skill level 5 in Ice Magic
  1245 | D:2      | Reached XP level 4. HP: 30/30 MP: 3/5
  2116 | D:3      | Reached skill level 6 in Ice Magic
  2229 | D:3      | Reached XP level 5. HP: 32/35 MP: 6/6
  2319 | D:3      | Found a sparkling altar of Nemelex Xobeh.
  2670 | D:4      | Learned a level 4 spell: Summon Ice Beast
  2677 | D:4      | Found a glowing golden altar of the Shining One.
  2796 | D:4      | Identified An Initiation to Sorcery
  3067 | D:4      | Reached skill level 1 in Charms
  3067 | D:4      | Reached skill level 1 in Summonings
  3067 | D:4      | Reached XP level 6. HP: 39/41 MP: 0/7
  3410 | D:4      | Noticed Edmund
  3431 | D:4      | Killed Edmund
  3685 | D:4      | Reached skill level 7 in Ice Magic
  3713 | D:4      | Found a basalt altar of Yredelemnul.
  3790 | D:5      | Entered Level 5 of the Dungeon
  3832 | D:5      | Noticed Sigmund
  3851 | D:5      | Killed Sigmund
  3851 | D:5      | Reached XP level 7. HP: 17/46 MP: 1/8
  4342 | D:5      | Noticed Menkaure
  4351 | D:5      | Killed Menkaure
  4875 | D:6      | Found a staircase to the Ecumenical Temple.
  4887 | Temple   | Entered the Ecumenical Temple
  4993 | Temple   | Became a worshipper of Vehumet
  5467 | D:6      | Found Leunn's Luxury Loot.
  5554 | D:6      | Reached skill level 1 in Fighting
  5554 | D:6      | Reached XP level 8. HP: 40/54 MP: 4/9
  5850 | D:6      | Found a shadowy altar of Dithmenos.
  6164 | D:6      | Reached skill level 8 in Ice Magic
  6467 | D:7      | Noticed Prince Ribbit
  6899 | D:7      | Found an iron altar of Okawaru.
  6904 | D:7      | Acquired Vehumet's first power
  6904 | D:7      | Offered knowledge of Sandblast by Vehumet.
  6978 | D:7      | HP: 2/57 [gnoll/halberd (13)]
  7388 | D:7      | Found a burning altar of Makhleb.
  7393 | D:7      | Reached skill level 5 in Charms
  7412 | D:7      | Found a shimmering altar of Xom.
  7444 | D:7      | Slain by an orc warrior

Action                   |  1- 3 |  4- 6 |  7- 9 || total
-------------------------+-------+-------+-------++-------
Melee: Dagger            |    68 |     8 |       ||    76
       Unarmed           |     5 |       |       ||     5
       Spear             |       |   373 |    51 ||   424
       Trident           |       |       |    90 ||    90
       Falchion          |       |       |    57 ||    57
Throw: Stone             |       |     3 |       ||     3
       Tomahawk          |       |       |     2 ||     2
 Cast: Freeze            |    35 |    69 |    33 ||   137
       Ozocubu's Armour  |       |     2 |     5 ||     7
       Summon Ice Beast  |       |     3 |    20 ||    23
  Use: Scroll            |     4 |     3 |     5 ||    12
       Potion            |       |       |     2 ||     2
 Stab: Sleeping          |     5 |     8 |     1 ||    14
       Distracted        |     1 |     1 |     1 ||     3
  Eat: Chunk             |     1 |    12 |    14 ||    27
       Royal jelly       |       |       |     1 ||     1
